Map: Ruby Rock LE

Players

EULag - Winner!

  • Race: Terran Terran
  • League: Grandmaster
  • Spawn Location: 11:00

쓰바라시

  • Race: Zerg Zerg
  • League: Master
  • Spawn Location: 5:00

VOD

Have the link to the VOD?

Description

Time

  • Played on: Jan. 25, 2026, 3:25 p.m.
  • Length: 8:05
Show
View Real Time Build Order
Export as new Build Order

EULag Terran - Winner!

Build Orders: Reaper Expand, Hellion Banshee 

Get SALT Encoding   

  12  0:00  SCV  
  13  0:12  SCV  
  14  0:17  Supply Depot  
  14  0:24  SCV  
  15  0:39  SCV, Barracks  
  16  0:43  Refinery  
  16  0:51  SCV  
  17  1:03  SCV  
  18  1:15  SCV  
  19  1:27  Reaper, Orbital Command  
  20  1:39  Command Center  
  20  1:46  Supply Depot  
  20  1:53  SCV  
  21  1:59  Marine  
  22  2:05  SCV  
  23  2:11  Factory  
  23  2:17  SCV  
  23  2:21  Barracks Reactor  
  24  2:29  SCV  
  25  2:41  SCV  
  25  2:43  Command Center  
  26  2:52  Orbital Command  
  26  2:53  SCV  
  27  3:03  Starport  
  27  3:06  SCV  
  27  3:08  Refinery  
  27  3:12  Hellion  
  30  3:19  Hellion  
  30  3:21  Barracks Tech Lab  
  30  3:22  SCV  
  31  3:34  Hellion, SCV  
  33  3:39  SCV  
  33  3:40  Hellion  
  37  3:49  SCV  
  37  3:52  Banshee  
  37  3:54  SCV  
  43  3:58  Orbital Command  
  43  3:59  Hellion  
  43  4:02  Hellion  
  46  4:04  Cloaking Field  
  46  4:07  SCV  
  46  4:08  SCV  
  48  4:11  Barracks Tech Lab  
  48  4:19  SCV, Supply Depot  
  48  4:20  SCV  
  50  4:31  Barracks, SCV  
  50  4:32  SCV  
  50  4:33  SCV  
  50  4:36  Stimpack, Barracks  
  52  4:44  Banshee  
  55  4:48  SCV x2  
  55  4:50  SCV  
  55  4:51  Factory Reactor  
  55  4:52  Supply Depot  
  58  4:56  Refinery  
  58  4:57  Refinery  
  58  5:00  SCV x2  
  58  5:02  SCV  
  58  5:04  Engineering Bay  
  61  5:10  Engineering Bay  
  61  5:12  SCV  
  61  5:13  SCV  
  63  5:14  SCV  
  63  5:18  Marine x2  
  63  5:19  Marine, Supply Depot  
  67  5:24  Barracks  
  67  5:29  Barracks  
  67  5:33  Orbital Command  
  68  5:35  SCV  
  68  5:36  SCV  
  68  5:38  Starport Reactor  
  68  5:39  Terran Infantry Weapons Level 1, Terran Infantry Armor Level 1  
  69  5:42  Marine  
  69  5:43  Marine x4  
  69  5:44  Supply Depot  
  69  5:47  Siege Tank  
  69  5:49  SCV  
  78  5:51  SCV  
  79  6:01  SCV  
  79  6:03  SCV  
  81  6:05  Marine x4  
  81  6:06  Marine  
  81  6:07  SCV  
  87  6:13  SCV, Supply Depot  
  87  6:15  Supply Depot  
  87  6:17  Barracks Reactor x2, Combat Shield  
  88  6:19  Supply Depot  
  88  6:23  Marine x2  
  88  6:24  SCV x2  
  92  6:29  SCV  
  92  6:30  Siege Tank  
  93  6:34  Supply Depot  
  93  6:35  Medivac x2, Marine  
  93  6:36  Marine x2  
  100  6:41  Marine x2  
  100  6:45  Supply Depot  
  100  6:46  SCV x3  
  100  6:47  Supply Depot  
  105  6:50  Armory  
  105  6:53  Marine  
  105  6:54  Marine x3  
  106  6:55  Marine  
  106  6:56  Marine x2  
  112  7:01  Supply Depot  
  112  7:02  SCV x3  
  115  7:08  Siege Tank, Medivac  
  115  7:09  Medivac  
  122  7:20  Command Center  
  122  7:23  Marine x5  
  122  7:29  Supply Depot  
  127  7:30  Marine  
  127  7:31  Marine x3  
  127  7:36  Supply Depot  
  131  7:41  Marine x2  
  136  7:48  SCV  
  136  7:50  Supply Depot  
Show
View Real Time Build Order
Export as new Build Order

쓰바라시 Zerg 

Build Orders: Pool First 

Get SALT Encoding   

  12  0:00  Drone  
  13  0:13  Overlord  
  13  0:17  Drone  
  14  0:22  Extractor  
  14  0:23  Drone  
  15  0:32  Drone  
  16  0:36  Drone  
  17  0:44  Spawning Pool  
  17  0:47  Drone  
  17  0:50  Extractor  
  17  0:57  Drone  
  17  1:11  Hatchery  
  16  1:15  Drone  
  17  1:31  Queen  
  17  1:32  Zergling x2  
  20  1:35  Zergling x2  
  22  1:40  Zergling x2  
  22  1:52  Metabolic Boost  
  22  1:55  Overlord  
  22  2:13  Drone  
  22  2:14  Drone  
  24  2:21  Queen  
  26  2:23  Queen  
  26  2:26  Drone  
  26  2:29  Drone  
  30  2:34  Drone  
  31  2:38  Drone  
  32  2:47  Drone x2  
  34  3:03  Drone  
  34  3:05  Drone x2  
  36  3:08  Overlord  
  36  3:13  Hatchery  
  36  3:14  Overlord  
  36  3:15  Drone  
  36  3:22  Overlord  
  36  3:23  Drone  
  36  3:27  Drone  
  36  3:33  Drone  
  38  3:37  Drone x2  
  40  3:44  Overlord  
  40  3:45  Drone x2  
  40  3:46  Drone x2  
  44  3:51  Queen  
  44  3:53  Drone  
  47  3:57  Drone  
  48  4:03  Lair  
  48  4:09  Drone x2  
  50  4:10  Drone x2  
  50  4:12  Evolution Chamber  
  50  4:13  Drone x2  
  50  4:16  Zergling x2, Extractor  
  53  4:20  Zergling x2  
  53  4:22  Zergling x2  
  53  4:23  Drone  
  56  4:25  Zergling x2  
  56  4:30  Spore Crawler  
  56  4:34  Overlord  
  56  4:38  Queen  
  59  4:40  Drone x4  
  62  4:45  Zergling x2  
  62  4:46  Zergling x2  
  62  4:48  Overlord  
  64  4:53  Queen  
  64  4:56  Drone x2  
  64  4:57  Drone  
  69  5:00  Zergling x2  
  69  5:06  Evolution Chamber, Baneling Nest  
  68  5:07  Zerg Ground Armor Level 1, Drone  
  68  5:08  Overseer  
  68  5:11  Zergling x2  
  68  5:12  Zergling x2  
  71  5:14  Drone x2  
  71  5:15  Drone  
  71  5:16  Drone  
  71  5:19  Extractor, Drone  
  75  5:21  Drone  
  75  5:25  Overlord  
  75  5:26  Drone  
  77  5:29  Queen  
  77  5:30  Zergling x2  
  77  5:31  Drone  
  77  5:32  Drone  
  82  5:35  Zergling x2  
  82  5:36  Zergling x2  
  82  5:37  Overlord  
  82  5:38  Drone  
  82  5:42  Drone  
  86  5:43  Drone  
  86  5:44  Hydralisk Den  
  86  5:46  Zerg Melee Weapons Level 1  
  86  5:50  Overlord  
  86  5:51  Overlord  
  86  5:52  Drone  
  86  5:55  Zergling x4  
  89  6:00  Spore Crawler  
  89  6:02  Spore Crawler  
  89  6:03  Overseer  
  80  6:05  Drone x3  
  80  6:07  Spore Crawler  
  80  6:08  Drone  
  81  6:17  Queen  
  79  6:29  Drone x3  
  79  6:30  Drone x4  
  79  6:31  Drone  
  85  6:35  Extractor  
  85  6:36  Drone x2  
  85  6:37  Drone  
  87  6:43  Muscular Augments  
  87  6:46  Centrifugal Hooks  
  87  6:48  Drone  
  87  6:50  Zergling x2  
  87  6:52  Queen  
  91  6:59  Drone x3  
  91  7:00  Zergling x2  
  91  7:04  Overlord  
  91  7:07  Drone x4, Hatchery  
  93  7:16  Overlord  
  93  7:17  Zergling x10  
  93  7:18  Zergling x2  
  93  7:19  Drone x2  
  93  7:20  Extractor  
  100  7:23  Overseer  
  100  7:26  Hydralisk x2  
  104  7:30  Hydralisk x2  
  104  7:32  Hydralisk  
  104  7:37  Hydralisk x2  
  107  7:41  Baneling x6  
  107  7:42  Baneling x2  
  107  7:43  Zergling x2  
  111  7:44  Zergling x2  
Tags
 
Add a new tag
Caveats
  • Supply blocks, unpowered buildings, or Contaminate may cause inaccurate times.
  • Supply counts are checked every 10 seconds.